 Dungeon Crawl Stone Soup version 0.26-a0-490-gf8362a0c98 (webtiles) character file.

Game seed: 15746199176620729794

509 KristoblXynda the Ruffian (level 6, -2/47 HPs)
             Began as a Troll Hedge Wizard on Aug 4, 2020.
             Slain by a killer bee (7 damage)
             ... on level 5 of the Dungeon.
             The game lasted 00:04:51 (2303 turns).

KristoblXynda the Ruffian (Troll Hedge Wizard)      Turns: 2303, Time: 00:04:52

Health: -2/47      AC:  6    Str: 18 (19) XL:     6   Next: 98%
Magic:  17/17      EV: 10    Int: 11 (14) God:
Gold:   151        SH:  0    Dex:  6 (9)  Spells: 8/9 levels left

rFire    . . .     SeeInvis .     - Unarmed
rCold    . . .     Faith    .   (no shield)
rNeg     . . .     Spirit   .   b - +0 robe
rPois    .         Reflect  .   c - +0 hat
rElec    .         Harm     .   (no cloak)
rCorr    .         Clarity  +   (gloves unavailable)
MR       .....                  (boots unavailable)
Stlth    +.........             (no amulet)
HPRegen  0.55/turn              k - ring of magical power
MPRegen  0.15/turn              (no ring)

@: confused, mighty, lethally poisoned (-2 -> -11), stab
A: large, unfitting armour, claws 3, clarity, clever 1, frail 1, sense
surroundings 1, regeneration 1, shaggy fur 1, tough skin 3
a: no special abilities


You were on level 5 of the Dungeon.
You visited 1 branch of the dungeon, and saw 4 of its levels.

You collected 151 gold pieces.

Inventory:

Armour
 b - a +0 robe (worn)
 c - a +0 hat (worn)
Jewellery
 d - an uncursed amulet of magic regeneration {unknown}
 k - a ring of magical power (left claw)
 m - an uncursed ring of protection from fire {unknown}
 o - an uncursed ring of protection from cold {unknown}
Scrolls
 e - 2 scrolls of enchant armour {unknown}
 i - 2 scrolls of remove curse {unknown}
 j - a scroll of amnesia {unknown}
Potions
 f - a potion of stabbing
 l - a potion of cancellation
 n - a potion of degeneration


   Skills:
 + Level 3.8 Dodging
 - Level 1.0 Stealth
 + Level 4.0 Unarmed Combat
 - Level 2.0 Spellcasting
 + Level 3.1 Conjurations
   Level 0.6 Summonings
   Level 0.6 Translocations


You had 8 spell levels left.
You knew the following spells:

 Your Spells              Type           Power        Failure   Level
a - Magic Dart            Conj           #...         9%          1

Your spell library contained the following spells:

 Spells                   Type           Power        Failure   Level
 Blink                    Tloc           N/A          34%         2
 Call Imp                 Summ           #.......     34%         2
 Slow                     Hex            #.......     41%         2
 Conjure Flame            Conj/Fire      #.......     43%         3
 Mephitic Cloud           Conj/Pois/Air  #.......     50%         3


Dungeon Overview and Level Annotations

Branches:
Dungeon (3/15)

Altars:
Elyvilon
Kikubaaqudgha
Wu Jian
Yredelemnul


Innate Abilities, Weirdness & Mutations

You are too large for most types of armour.
You have claws for hands.
Your natural rate of healing is unusually fast.
You are covered in fur. (AC +1)
You have extremely tough skin. (AC +3)
You possess an exceptional clarity of mind.
Your mind is acute. (Int +2)
You are frail. (-10% HP)
You passively map a small area around you.


Message History

* * * LOW HITPOINT WARNING * * *
Unknown command.
You are confused.
You feel invigorated.
You feel sick. The killer bee barely misses you. The killer bee misses you.
You feel sick. The killer bee misses you. The killer bee barely misses you.
The killer bee stings you.
* * * LOW HITPOINT WARNING * * *
You are more poisoned.
The killer bee poisons you! The killer bee stings you.
* * * LOW HITPOINT WARNING * * *
You are lethally poisoned!
The killer bee poisons you!
* * * LOW HITPOINT WARNING * * *
You feel sick. The killer bee stings you!
* * * LOW HITPOINT WARNING * * *
You closely miss the killer bee.
* * * LOW HITPOINT WARNING * * *
You feel sick. The killer bee closely misses you. The killer bee stings you!
You die...

..#.# #.# #....##.#.# ...
..#.# #.# #....##.#/#*, .
..#.# #.# #....##†#.#
#+#.# #.# #....##.#..
....###.#####....##.#.#,*
* ....#.......'....##.#.#
....#.#.#####....##.#,*
....#.#..........##.#
....#.#.........@yY.# *
....#.#.#############, ,*
..............., , * *
.....##.####### * * , *
......#.# * ......#.#
......#.# * , ......#.#
......#.# *


You could see an ice beast and a killer bee.

Vanquished Creatures
  Sigmund (D:2)
  A killer bee (D:5)
  3 vampire bats (D:5)
  A jelly (D:5)
  Jessica (D:2)
  4 adders (D:2)
  3 gnolls (D:2)
  An ooze (D:2)
  A worm (D:2)
  2 dart slugs
  2 leopard geckos
  An orc (D:3)
  8 bats
  2 bat skeletons (D:5)
  4 bat zombies (D:5)
  5 giant cockroaches
  7 goblins
  4 hobgoblins
  A quokka (D:2)
  5 frilled lizards
  A giant cockroach zombie (D:5)
  8 kobolds
  5 rats
71 creatures vanquished.

Notes
Turn   | Place    | Note
-------+----------+-------------------------------------------
     0 | D:1      | KristoblXynda the Troll Hedge Wizard began the quest for
                  | the Orb.
     0 | D:1      | Reached XP level 1. HP: 16/16 MP: 2/2
   112 | D:1      | Reached skill level 1 in Conjurations
   117 | D:1      | Reached XP level 2. HP: 24/24 MP: 4/4
   454 | D:1      | Reached skill level 1 in Unarmed Combat
   752 | D:2      | Reached XP level 3. HP: 27/31 MP: 5/5
   938 | D:2      | Noticed Jessica
   943 | D:2      | Killed Jessica
   943 | D:2      | Reached XP level 4. HP: 35/39 MP: 6/6
   977 | D:2      | Reached skill level 2 in Unarmed Combat
  1165 | D:2      | Noticed Sigmund
  1339 | D:2      | Killed Sigmund
  1339 | D:2      | Reached skill level 3 in Unarmed Combat
  1339 | D:2      | Reached XP level 5. HP: 19/45 MP: 7/7
  1339 | D:2      | Reached XP level 6. HP: 22/53 MP: 8/8
  1898 | D:2      | Found a basalt altar of Yredelemnul.
  1974 | D:3      | Found an ornate altar of the Wu Jian Council.
  2072 | D:3      | You fall into a shaft and drop 2 floors!
  2072 | D:5      | Entered Level 5 of the Dungeon
  2134 | D:5      | Found an ancient bone altar of Kikubaaqudgha.
  2264 | D:5      | Found a white marble altar of Elyvilon.
  2265 | D:5      | Noticed an ice beast
  2282 | D:5      | Reached skill level 4 in Unarmed Combat
  2297 | D:5      | Gained mutation: You passively map a small area around you.
                  | [potion of mutation]
  2297 | D:5      | Gained mutation: You are frail. (-10% HP) [potion of
                  | mutation]
  2297 | D:5      | Gained mutation: You possess an exceptional clarity of
                  | mind. [potion of mutation]
  2297 | D:5      | Gained mutation: Your mind is acute. (Int +2) [potion of
                  | mutation]
  2302 | D:5      | HP: 2/47 [killer bee (8)]
  2303 | D:5      | Slain by a killer bee

Illustrated notes

Levels and vault maps discovered:
D:1:      mrwooster_arrival_arrow, layout_basic
D:2:      cheibrodos_old_hovel, layout_basic, lemuel_round_altar, serial_forest,
          infiniplex_forest_clump_double, infiniplex_forest_lined_4_way,
          infiniplex_forest_clump_small, infiniplex_forest_split,
          infiniplex_forest_end_3, uniq_jessica, uniq_sigmund
D:3:      layout_basic, lemuel_round_altar, nicolae_overflow_crystal_walls,
          minmay_randomly_rotated_circles, uniq_grinder
D:5:      layout_basic, kennysheep_vampire_church, old_standard_altar

Skill      XL: |  1  2  3  4  5  6 |
---------------+-------------------+-----
Conjurations   | 1 2 3 |  3.1
Unarmed Combat | 1 3 4 |  4.0
Dodging        | 2 3 |  3.8
Stealth        | |  1.0
Spellcasting   | |  2.0
Summonings     | |  0.6
Translocations | |  0.6

Action                   |  1- 3 |  4- 6 || total
-------------------------+-------+-------++-------
Melee: Unarmed           |   110 |   145 ||   255
       Punch             |     2 |       ||     2
  Use: Potion            |       |     6 ||     6
       Scroll            |       |     3 ||     3
 Stab: Sleeping          |     2 |     1 ||     3
Armor: Robe              |    63 |    95 ||   158
Dodge: Dodged            |    72 |   100 ||   172

Table legend: (Time is in decaauts)
 A = Elapsed time spent in this place.
 B = Non-inter-level travel time spent in this place.
 C = Inter-level travel time spent in this place.
 D = Time resting spent in this place.
 E = Time spent auto-exploring this place.
 F = Levels seen in this place.
 G = Mean time per level.
                   A        B        C        D        E       F      G
               +--------+--------+--------+--------+--------+-----+--------+
         Total |   2293 |   2249 |     44 |    155 |   1435 |   4 |  573.2 |
       Dungeon |   2293 |   2249 |     44 |    155 |   1435 |   4 |  573.2 |
               +--------+--------+--------+--------+--------+-----+--------+

Top non-repeatable levels by time:
     D:2: 1135 daAuts
     D:1: 776 daAuts
     D:5: 226 daAuts
     D:3: 153 daAuts
